 Dungeon Crawl Stone Soup version 0.18-b1-22-ge198996 (webtiles) character file.

30 Chiseanne the Magician (level 3, 24/24 HPs)
             Began as a Demonspawn Wizard on May 4, 2016.
             Quit the game on level 2 of the Dungeon.
             The game lasted 00:03:24 (1841 turns).

Chiseanne the Magician (Demonspawn Wizard)          Turns: 1841, Time: 00:03:25

Health: 24/24      AC:  6    Str:  7    XL:     3   Next: 3%
Magic:  8/8        EV: 12    Int: 20    God:
Gold:   70         SH:  0    Dex: 11    Spells: 3 memorised, 4 levels left

rFire  + . .     SeeInvis .     a - +2 dagger (elec)
rCold  . . .     Gourm    .     e - +0 robe
rNeg   . . .     Faith    .     (no shield)
rPois  .         Spirit   .     i - +2 hat
rElec  .         Dismiss  .     k - +0 cloak {MR+}
rCorr  .         Reflect  .     n - +0 pair of gloves
SustAt .         Harm     .     (no boots)
MR     +....                    (no amulet)
Stlth  +++.......               (no ring)
                                m - ring of stealth

@: repel missiles, somewhat resistant to hostile enchantments, fairly stealthy
A: antennae 1, fire resistance 1
a: no special abilities


You were on level 2 of the Dungeon.
You were hungry.

You visited 1 branch of the dungeon, and saw 2 of its levels.

You collected 70 gold pieces.

Inventory:

Hand Weapons
 a - a +2 dagger of electrocution (weapon)
 s - a +2 dagger of protection
 w - a +0 hunting sling
Missiles
 b - 17 sling bullets
 j - 14 bolts
 l - 5 stones (quivered)
 o - 5 tomahawks
 p - 20 arrows
Armour
 e - a +0 robe (worn)
 i - a +2 hat (worn)
 k - a +0 cloak of magic resistance (worn)
 n - a +0 pair of gloves (worn)
Jewellery
 m - a ring of stealth (left hand)
Scrolls
 r - a scroll of fear
Potions
 t - a potion of flight {unknown}
Books
 c - a book of Minor Magic

   Spells                             Type                      Level
   a - Magic Dart                     Conjuration                  1
   b - Blink                          Translocation                2
   c - Call Imp                       Summoning                    2
   d - Repel Missiles                 Charms/Air                   2
   e - Slow                           Hexes                        2
   f - Conjure Flame                  Conjuration/Fire             3
   g - Mephitic Cloud                 Conjuration/Poison/Air       3
Comestibles
 d - 2 bread rations
 f - 2 beef jerkies
 g - a meat ration
 h - a royal jelly


   Skills:
 - Level 1.7 Dodging
 - Level 1.7 Stealth
 * Level 3.6 Spellcasting
 * Level 2.0 Conjurations
   Level 1.0 Summonings
 - Level 0.8 Translocations


You had 4 spell levels left.
You knew the following spells:

 Your Spells              Type           Power        Failure   Level  Hunger
a - Magic Dart            Conj           ##..         10%         1    None
b - Blink                 Tloc           N/A          17%         2    ##.....
c - Repel Missiles        Chrm/Air       #.....       24%         2    ##.....


Dungeon Overview and Level Annotations

Branches:
Dungeon (2/15)

Altars:

Annotations:
D:2 Sigmund


Innate Abilities, Weirdness & Mutations

You have a pair of small antennae on your head.
Your flesh is heat resistant.


Message History

You don't have enough magic to cast that spell.
Casting: Magic Dart
Confirm with . or Enter, or press ? or * to list all spells.
Aiming: Magic Dart
Press: ? - help, Shift-Dir - straight line, f/p - worm
Aim: a worm (severely wounded)
The magic dart hits the worm.
The worm is almost dead.
The worm barely misses you.
You hit the worm.
You kill the worm!
You have reached level 3!
Your experience leads to an increase in your attributes!
Increase (S)trength, (I)ntelligence, or (D)exterity?
You feel clever.
You feel monstrous as your demonic heritage exerts itself.
Your demonic ancestry asserts itself...
A pair of antennae grows on your head!
You are feeling hungry.
Are you sure you want to abandon this character and quit the game? (Confirm with "yes".)

#....######......##...###....#
#....# ####...##...# ....# #....#
#.####...###....#
#....#########.# #..........#
#....#.........# ######.....#
#....#.........# ##.#####
#....#..<.....# #...#
#....#........#########...#####
#..>..........@................
#....#....#+##...######.......#
#....#.....................#...
###....#####.......#########.####
#......# #.......# .# #......#
#.......# ## #......# #.......#
#...#### ######.## #...#
######..### #####


There were no monsters in sight!

Vanquished Creatures
  2 worms (D:2)
  A giant gecko (D:1)
  A giant cockroach (D:1)
  3 goblins
  2 hobgoblins
  5 kobolds
  4 bats (D:1)
  A giant newt (D:1)
  5 rats
24 creatures vanquished.

Notes
Turn   | Place    | Note
--------------------------------------------------------------
     0 | D:1      | Chiseanne the Demonspawn Wizard began the quest for the Orb.
     0 | D:1      | Reached XP level 1. HP: 13/13 MP: 4/4
   591 | D:1      | Gained mutation: Your flesh is heat resistant. [demonic ancestry]
   591 | D:1      | Reached XP level 2. HP: 19/19 MP: 3/6
  1208 | D:1      | Learned a level 2 spell: Blink
  1211 | D:1      | Learned a level 2 spell: Repel Missiles
  1278 | D:2      | Noticed Sigmund
  1742 | D:2      | Gained mutation: You have a pair of small antennae on your head. [demonic ancestry]
  1742 | D:2      | Reached XP level 3. HP: 16/24 MP: 0/8
  1841 | D:2      | Quit the game

Skill      XL: |  1  2 |
---------------+-------+-----
Conjurations   | 2 |  2.0
Dodging        | |  1.7
Stealth        | |  1.7
Spellcasting   | |  3.6
Summonings     | |  1.0
Translocations | |  0.8

Action                   || total
-------------------------++-------
Melee: Dagger            ||    32
 Cast: Magic Dart        ||    43
       Repel Missiles    ||     1
  Use: Scroll            ||     3
 Stab: Sleeping          ||     1
  Eat: Chunk             ||     2
Armor: Robe              ||     5
Dodge: Dodged            ||    13
